 Dungeon Crawl Stone Soup version 0.30.0-29-ga12c61a403 (webtiles) character file.

Game seed: 9717338852085591252

162 bmack86 the Chopper (level 5, -1/45 HPs)
             Began as a Minotaur Fighter on June 21, 2023.
             Slain by an ogre
             ... wielding a +0 giant club
              (17 damage)
             ... on level 4 of the Dungeon.
             The game lasted 00:05:54 (2478 turns).

bmack86 the Chopper (Minotaur Fighter)              Turns: 2478, Time: 00:05:55

Health: -1/45      AC:  8    Str: 23    XL:     5   Next: 19%
Magic:  4/4        EV:  9    Int:  5    God:
Gold:   151        SH:  4    Dex:  9    Spells: 4/4 levels left

rFire   . . .        a - +0 war axe
rCold   . . .        c - +0 buckler
rNeg    . . .        b - +0 scale mail
rPois   .            (helmet restricted)
rElec   .            (no cloak)
rCorr   .            j - +0 pair of gloves
SInv    .            (no boots)
Will    +....        (no amulet) Stlth
                     q - ring of willpower
HPRegen 0.27/turn    (no ring)
MPRegen 0.09/turn

%: no passive effects
@: no status effects
A: horns 2, retaliatory headbutt
a: no special abilities


You were on level 4 of the Dungeon.
You visited 1 branch of the dungeon, and saw 4 of its levels.

You collected 151 gold pieces.

Inventory:

Hand Weapons
 a - a +0 war axe (weapon)
Armour
 b - a +0 scale mail (worn)
 c - a +0 buckler (worn)
 j - a +0 pair of gloves (worn)
Jewellery
 q - a ring of willpower (left hand)
Scrolls
 f - a scroll of torment {unknown}
 i - a scroll of immolation {unknown}
 l - 3 scrolls of teleportation {unknown}
 m - 3 scrolls of enchant armour {unknown}
 r - a scroll of silence {unknown}
Potions
 d - a potion of might
 g - 2 potions of curing
 h - a potion of resistance
 k - 2 potions of attraction
 n - a potion of invisibility {unknown}
 o - 2 potions of brilliance
 p - a potion of degeneration {unknown}
 s - a potion of berserk rage {unknown}


   Skills:
 - Level 3.6 Fighting
 + Level 6.6 Axes
 - Level 3.6 Armour
 - Level 3.6 Shields


You had 4 spell levels left.
You didn't know any spells.
Your spell library contained the following spells:

 Spells                   Type           Power      Damage    Failure   Level
 Hailstorm                Conj/Ice       0%         3d3       99%         3
 Ice Form                 Ice/Tmut       0%         N/A       100%        4
 Simulacrum               Ice/Necr       0%         N/A       100%        6


Dungeon Overview and Level Annotations

Branches:
Dungeon (4/15)
 Temple: D:4-7

Altars:

Shops:
D:3 =

Annotations:
D:4 Grinder


Innate Abilities, Weirdness & Mutations

You have a pair of horns on your head.
You reflexively headbutt those who attack you in melee.


Message History

You drop 3 scrolls of noise.
There is a stone staircase leading down here.
You climb downwards.
The goblin shouts!
The endoplasm quivers.
The kobold shouts!
The orc shouts! x3; You hear a shout! x2
Found an inky potion and a scroll labelled LEHA XU VON.
There is a stone staircase leading up here.
The orc hits you but does no damage. The orc barely misses you.
You climb upwards.
There is a stone staircase leading down here.
You slash the orc!
You kill the orc!
You hit the orc but do no damage. The orc hits you but does no damage.
You hit the orc but do no damage. You block the orc's attack.
You barely miss the orc. The orc closely misses you. You furiously retaliate!
You headbutt the orc, but do no damage. You closely miss the orc.
You block the orc's attack.
You closely miss the orc. You block the orc's attack.
The orc hits you but does no damage.
You hit the orc.
The orc is lightly wounded.
The orc barely misses you.
You slash the orc!
You kill the orc!
Things that are here:
a +0 dagger; a +0 leather armour
There is a stone staircase leading down here.
You climb downwards.
The kobold hits you but does no damage.
The ogre hits you with a +0 giant club!!
Ouch! That really hurt!
The orc barely misses you. The goblin hits you but does no damage.
Grinder comes into view.
The endoplasm freezes you.
You are frozen.
There is a stone staircase leading up, spattered with blood here.
The kobold closely misses you. The orc hits you with a +0 dagger.
The goblin hits you but does no damage. You block the endoplasm's attack.
The ogre hits you with a +0 giant club!
You die...

#########
........##
.........##
..........#
......g...#
....g..@K.#
......oJO.....#
.5........###.h
......?!.##
........##
.########


You could see Grinder, a black bear, an ogre, an orc, an endoplasm, a hobgoblin,
a goblin and a kobold.

Vanquished Creatures
  6 adders
  A worm (D:3)
  4 dart slugs
  8 orcs (D:3)
  12 ball pythons
  5 bats
  6 endoplasms
  3 giant cockroaches
  3 goblins
  5 hobgoblins (D:2)
  10 jackals
  8 kobolds
  3 quokkas
  6 frilled lizards
  7 rats
87 creatures vanquished.

Notes
Turn   | Place    | Note
-------+----------+-------------------------------------------
     0 | D:1      | bmack86 the Minotaur Fighter began the quest for the Orb.
     0 | D:1      | Reached XP level 1. HP: 19/19 MP: 0/0
    55 | D:1      | Reached skill level 3 in Axes
   106 | D:1      | You fall into a shaft and drop 1 floor!
   106 | D:2      | Found a faded altar of an unknown god.
   172 | D:1      | Reached XP level 2. HP: 22/26 MP: 1/1
   239 | D:1      | Reached skill level 4 in Axes
   367 | D:1      | Reached XP level 3. HP: 31/31 MP: 2/2
  1091 | D:2      | Reached skill level 5 in Axes
  1196 | D:2      | Reached XP level 4. HP: 29/39 MP: 3/3
  1744 | D:3      | Reached skill level 6 in Axes
  2014 | D:3      | Reached XP level 5. HP: 24/45 MP: 4/4
  2247 | D:3      | Found Sirgh's Jewellery Boutique.
  2462 | D:4      | Noticed an ogre
  2477 | D:4      | Noticed Grinder
  2478 | D:4      | Noticed a black bear
  2478 | D:4      | Slain by an ogre

Illustrated notes

Levels and vault maps discovered:
D:1:      ncdulo_halloftheorcs, layout_basic, hex_intersection
D:2:      minmay_chambers_of_twos, layout_loops_corners,
          chequers_ecumenical_altar_island, dk_noncrumbling_2
D:3:      layout_basic, serial_shops, shop
D:4:      layout_rooms, mainiacjoe_overflow_alcove_4,
          mainiacjoe_overflow_surrounded_room, uniq_grinder

Skill      XL: |  1  2  3  4 |
---------------+-------------+-----
Axes           | 3 4 5 6 |  6.6
Fighting       | |  3.6
Armour         | |  3.6
Shields        | |  3.6

Action                     |  1- 3 |  4- 6 || total
---------------------------+-------+-------++-------
  Melee: War axe           |    87 |    79 ||   166
         Headbutt          |     8 |    16 ||    24
    Use: Scroll            |     2 |     3 ||     5
 Armour: Scale mail        |    71 |    44 ||   115
  Dodge: Dodged            |    45 |    43 ||    88
  Block: Buckler           |    26 |    26 ||    52
